[Event "Late-Titled-Tuesday-Blitz-June-25-2024"]
[Site "Chess.com"]
[Date "2024.06.25"]
[Round "6"]
[White "Fore_Man"]
[Black "JackRodgers"]
[Result "1/2-1/2"]
[WhiteElo "2221"]
[BlackElo "2518"]
[TimeControl "180+1"]
[EndTime "15:08:41 PDT"]
[Termination "Game drawn by 50-move rule"]

1. Nf3 c5 2. c4 g6 3. d4 cxd4 4. Nxd4 Bg7 5. g3 Nc6 6. Nxc6 bxc6 7. Bg2 Rb8 8. Qc2 Nf6 9. O-O O-O 10. Nc3 d5 11. Rd1 Bf5 12. e4 Bg4 13. f3 Qb6+ 14.
Kh1 Be6 15. cxd5 cxd5 16. exd5 Bf5 17. Ne4 Bxe4 18. fxe4 Ng4 19. Rf1 Ne3 20. Bxe3 Qxe3 21. Rab1 Rfc8 22. Qf2 Qxf2 23. Rxf2 Bd4 24. Re2 Bxb2 25.
Bh3 Rc1+ 26. Rxc1 Bxc1 27. Rc2 Rb1 28. Bf1 Be3 29. Kg2 Bb6 30. Bc4 Rg1+ 31. Kf3 h5 32. e5 Kg7 33. Rd2 Ba5 34. Rd3 Rc1 35. Rd4 Bb6 36.
Re4 Rc3+ 37. Kg2 Rc2+ 38. Kf3 Rxh2 39. Re2 Rxe2 40. Bxe2 Kf8 41. g4 h4 42. g5 Bc7 43.
Kg4 Bxe5 44. Kxh4 f6 45. Kg4 Kf7 46. Bc4 f5+ 47. Kf3 Bd6 48. Bb3 Ba3 49. d6+ Ke8 50. Ba4+ Kd8 51. d7 Bc1 52. Bc6 Bxg5 53. Ba4 Bf6 54. Bc6 e5 55. Bb5 g5 56. Kg3 e4 57. Bc6 Be5+ 58. Kf2 Bc7 59. Bb5 Bb6+ 60. Ke2 f4 61. Bc6 f3+ 62. Kf1 f2 63. Bxe4 Kxd7 64. Bf3 Kd6 65. Kg2 Ke5 66. Be2 Kf4 67. Bc4 g4 68. Bf1 g3 69. Bc4 Bc7 70. Bf1 Ke3 71. Bc4 Kd2 72. Bf1 a5 73. Bc4 Kc3 74. Bf1 Kb4 75.
Bd3 a4 76. Bf1 Be5 77. Bd3 Ka3 78. Bc4 Kb4 79. Bd5 a3 80. Be6 Kc3 81. Bd5 Kd2 82. Bc4 Bd4 83. Bf1 Ke1 84. Bc4 Bc5 85. Bf1 Bd6 86. Bc4 Be5 87. Bf1 Kd1 88. Bc4 Kc1 89.
Bf1 Kb2 90. Bc4 Kc2 91. Bf1 Kc3 92. Bb5 Bf6 93. Bf1 Be5 94. Bb5 Bf4 95. Bf1 Bb8 96.
Be2 Kb2 97. Bc4 Kc1 98. Bf1 Kd1 99. Bc4 Ke1 100. Bf1 Be5 101. Bc4 Bc3 102. Bf1 Bd2 103. Bc4 Bc1 104. Bf1 Bb2 105. Bc4 Ba1 106. Bf1 Bb2 107. Bc4 Bc1 108. Bf1 Bf4 109. Bc4 Kd1 110. Bf1 Kc1 111. Bc4 Kb1 112. Bd5 Ka1 113. Bc4 Kb2 114. Bd5 Kc3 115. Be6 Kd3 116. Bd5 Kd4 117. Bb3 f1=Q+ 118. Kxf1 Ke3 119. Kg2 Ke2 120. Bf7 Be5 121. Bg8 Ke3 122. Bf7 Kd3 123. Bg8 Kc3 124. Bf7 Kd4 125. Bg8 Kc5 126. Bb3 Bd6 127. Bg8 Kb4 128. Bb3 Kc3 129. Bg8 Kb2 130. Bf7 Ka1 131. Bg8 Kb1 132. Bf7 Kc1 133. Bg8 Kd2 134. Bf7 Ke3 135. Bg8 Kf4 136. Bf7 Kg5 137. Bb3 Kh6 138. Bc4 Kg7 139. Bb3 Kf8 140. Bc4 Ke8 141. Bb3 Kd8 142. Bc4 Kc7 143. Bb3 Kb7 144. Bf7 Ka7 145. Be6 Kb6 146. Bf7 Ka5 147. Be6 Bc7 148. Bb3 Kb4 149. Be6 Kc3 150. Bf7 Kd2 151. Be6 Ke1 152. Bf7 Ke2 153. Be6 Ke3 154. Bf7 Kf4 155. Be6 Bd8 156. Bb3 Ke4 157. Bc4 Kd4 158. Bb3 Kc3 159. Bg8 Kc2 160. Bf7 Kc3 161. Bg8 Kd4 162. Bf7 Ke5 163. Bg8 Kf6 164. Bb3 Kg7 165. Bc4 Kf8 166. Bb3 Ke7 167. Bc4 Kd6 168. Bb3 1/2-1/2

[Event "Late-Titled-Tuesday-Blitz-June-25-2024"]
[Site "Chess.com"]
[Date "2024.06.25"]
[Round "7"]
[White "cukricek"]
[Black "chesspilot01"]
[Result "0-1"]
[WhiteElo "2473"]
[BlackElo "2339"]
[TimeControl "180+1"]
[EndTime "15:10:21 PDT"]
[Termination "chesspilot01 won by resignation"]

1. g3 Nf6 2. Bg2 d5 3. Nf3 e6 4. O-O Be7 5. d4 O-O 6. c4 dxc4 7. Qc2 a6 8. a4 c5 9. Rd1 Nc6 10. dxc5 Nb4 11. Qxc4 Qxd1+ 0-1

[Event "Late-Titled-Tuesday-Blitz-June-25-2024"]
[Site "Chess.com"]
[Date "2024.06.25"]
[Round "7"]
[White "Perecke"]
[Black "egnfanclub"]
[Result "0-1"]
[WhiteElo "2497"]
[BlackElo "2376"]
[TimeControl "180+1"]
[EndTime "15:10:47 PDT"]
[Termination "egnfanclub won by resignation"]

1. d4 d5 2. c4 c6 3. Nc3 Nf6 4. Nf3 e6 5. Bg5 dxc4 6. e4 b5 7. e5 h6 8. Bh4 g5 9. Nxg5 Nd5 10. Nxe6 Qxh4 11. Nxd5 cxd5 12. Nc7+ Kd8 13. Nxa8 Bb4+ 0-1

[Event "Late-Titled-Tuesday-Blitz-June-25-2024"]
[Site "Chess.com"]
[Date "2024.06.25"]
[Round "7"]
[White "Shahdad2007"]
[Black "ACollins05"]
[Result "0-1"]
[WhiteElo "2561"]
[BlackElo "2422"]
[TimeControl "180+1"]
[EndTime "15:10:51 PDT"]
[Termination "ACollins05 won by resignation"]

1. e4 a6 2. a4 c5 3. Nf3 Nc6 4.
g3 g6 5. Bg2 Bg7 6. O-O d6 7. c3 Nf6 8. Re1 O-O 9. d4 cxd4 10.
cxd4 Bg4 11. h3 Bxf3 12. Bxf3 e5 13. d5 Nd4 14. Bg2 Qb6 15. Nc3 Nd7 16. Be3 Qxb2 17. Bxd4 exd4 18. Ne2 d3 0-1

[Event "Late-Titled-Tuesday-Blitz-June-25-2024"]
[Site "Chess.com"]
[Date "2024.06.25"]
[Round "7"]
[White "howitzer14"]
[Black "glucolisis04"]
[Result "1-0"]
[WhiteElo "3027"]
[BlackElo "2294"]
[TimeControl "180+1"]
[EndTime "15:11:07 PDT"]
[Termination "howitzer14 won by resignation"]

1. b3 d5 2. Bb2 Nf6 3. e3 Bf5 4.
d3 e6 5. Nd2 Be7 6. Ne2 c6 7. a3 Nbd7 8. h3 O-O 9. g4 Bg6 10.
Ng3 Re8 11. g5 Bd6 12. gxf6 Qc7 13. Rg1 Ne5 14. h4 1-0

[Event "Late-Titled-Tuesday-Blitz-June-25-2024"]
[Site "Chess.com"]
[Date "2024.06.25"]
[Round "7"]
[White "PNEPaul"]
[Black "shirovin"]
[Result "1-0"]
[WhiteElo "1954"]
[BlackElo "2083"]
[TimeControl "180+1"]
[EndTime "15:11:30 PDT"]
[Termination "PNEPaul won by checkmate"]

1. e4 c5 2. Nf3 d6 3. d4 cxd4 4. c3 Nf6 5. Bd3 dxc3 6. Nxc3 Nc6 7. h3 e6 8. O-O Be7 9. Qe2 O-O 10. a3 a6 11. Rd1 Qc7 12. Bg5 b5 13. Rac1 Bb7 14.
Bb1 Qb6 15. Qc2 Rac8 16. Bxf6 Bxf6 17. e5 dxe5 18. Qxh7# 1-0

[Event "Late-Titled-Tuesday-Blitz-June-25-2024"]
[Site "Chess.com"]
[Date "2024.06.25"]
[Round "7"]
[White "KorolDimitriy75"]
[Black "harshu27"]
[Result "1/2-1/2"]
[WhiteElo "2407"]
[BlackElo "2524"]
[TimeControl "180+1"]
[EndTime "15:11:36 PDT"]
[Termination "Game drawn by repetition"]

1. d4 Nf6 2. c4 e6 3. Nc3 Bb4 4. Qc2 O-O 5. e4 d5 6. cxd5 exd5 7. e5 Ne4 8. Bd3 c5 9. Ne2 cxd4 10. Nxd4 Nd7 11.
f4 Qh4+ 12. g3 Qh5 13. Be2 Qh3 14.
Bf1 Qh5 15. Be2 Qh3 16. Bf1 Qh5 17. Be2 1/2-1/2

[Event "Late-Titled-Tuesday-Blitz-June-25-2024"]
[Site "Chess.com"]
[Date "2024.06.25"]
[Round "7"]
[White "Puzzlebot_1294"]
[Black "JSPrepz"]
[Result "1/2-1/2"]
[WhiteElo "2649"]
[BlackElo "2817"]
[TimeControl "180+1"]
[EndTime "15:11:54 PDT"]
[Termination "Game drawn by repetition"]

1. d4 d5 2. Bf4 c5 3. e3 Nc6 4.
Nf3 Nf6 5. c3 Qb6 6. Qc2 cxd4 7.
exd4 Bf5 8. Qb3 e6 9. Nbd2 Be7 10.
Qxb6 axb6 11. Bb5 O-O 12. O-O Rfc8 13. Rfe1 Na7 14. Bf1 Nc6 15. h3 h6 16. Bb5 Na7 17.
Bf1 Nc6 18. Bb5 Ra5 19. Bf1 Rca8 20. a3 Rc8 21. Nb3 Raa8 22. Nbd2 Na5 23. Bh2 Ne4 24.
Nxe4 Bxe4 25. Nd2 Bg6 26. Rad1 Bc2 27. Rc1 Bg6 28. Rcd1 Bc2 29. Rc1 Bg6 30. Rcd1 1/2-1/2

[Event "Late-Titled-Tuesday-Blitz-June-25-2024"]
[Site "Chess.com"]
[Date "2024.06.25"]
[Round "7"]
[White "Cheer_Down"]
[Black "TheAlienParty"]
[Result "0-1"]
[WhiteElo "2478"]
[BlackElo "2360"]
[TimeControl "180+1"]
[EndTime "15:11:56 PDT"]
[Termination "TheAlienParty won by resignation"]

1. e4 e5 2. Nf3 Nc6 3. Bc4 Bc5 4. c3 Nf6 5. d3 O-O 6. O-O d5 7. exd5 Nxd5 8. a4 a5 9. Nbd2 Nb6 10. Bb5 Bg4 11.
Re1 f6 12. Qb3+ Kh8 13. Qc4 Nxc4 0-1

[Event "Late-Titled-Tuesday-Blitz-June-25-2024"]
[Site "Chess.com"]
[Date "2024.06.25"]
[Round "7"]
[White "dosto07"]
[Black "lluiss"]
[Result "1-0"]
[WhiteElo "2439"]
[BlackElo "2252"]
[TimeControl "180+1"]
[EndTime "15:11:57 PDT"]
[Termination "dosto07 won by resignation"]

1. e4 c5 2. Nf3 d6 3. Bb5+ Bd7 4. Bxd7+ Nxd7 5. O-O Ngf6 6. Qe2 e6 7. c4 Be7 8. d4 cxd4 9. Nxd4 O-O 10. Nc3 a6 11.
b3 Rc8 12. Bb2 Qa5 13. Rad1 b5 14.
cxb5 Rxc3 15. Bxc3 Qxc3 16. Nc6 Re8 17. Rc1 Qxc1 18.
Rxc1 Bf8 19. bxa6 Nc5 20. a7 1-0

[Event "Late-Titled-Tuesday-Blitz-June-25-2024"]
[Site "Chess.com"]
[Date "2024.06.25"]
[Round "7"]
[White "enriquebutti"]
[Black "Defenstrator"]
[Result "0-1"]
[WhiteElo "2194"]
[BlackElo "2417"]
[TimeControl "180+1"]
[EndTime "15:12:07 PDT"]
[Termination "Defenstrator won by resignation"]

1. d4 c6 2. e4 d5 3. exd5 cxd5 4.
c4 Nf6 5. Nc3 Nc6 6. Nf3 Bg4 7.
cxd5 Nxd5 8. Qb3 Bxf3 9. gxf3 Nb6 10. d5 Nd4 11. Qd1 e5 12. f4 Bc5 13. Be3 Nxd5 14. fxe5 Nxe3 15. Qa4+ Kf8 16. fxe3 Qh4+ 17. Kd2 Qf2+ 0-1

[Event "Late-Titled-Tuesday-Blitz-June-25-2024"]
[Site "Chess.com"]
[Date "2024.06.25"]
[Round "7"]
[White "MatthewG-p4p"]
[Black "HansOnTwitch"]
[Result "0-1"]
[WhiteElo "2920"]
[BlackElo "3114"]
[TimeControl "180+1"]
[EndTime "15:12:29 PDT"]
[Termination "HansOnTwitch won by resignation"]

1. e4 e6 2. d4 d5 3. e5 c5 4. c3 Nc6 5. Nf3 Bd7 6. Be2 Nge7 7. Na3 Ng6 8. Nc2 cxd4 9. cxd4 Be7 10. Bd3 Qb6 11.
h4 Rc8 12. h5 Nf8 13. h6 g6 14.
a3 Na5 15. Ne3 Nb3 16. Rb1 Nxd4 17. b4 Nxf3+ 18. Qxf3 Qd4 19. Bb2 Qxd3 0-1

[Event "Late-Titled-Tuesday-Blitz-June-25-2024"]
[Site "Chess.com"]
[Date "2024.06.25"]
[Round "7"]
[White "HamedWafa4"]
[Black "Oleg_Papayan"]
[Result "1-0"]
[WhiteElo "2760"]
[BlackElo "2497"]
[TimeControl "180+1"]
[EndTime "15:12:40 PDT"]
[Termination "HamedWafa4 won by resignation"]

1. e4 d5 2. exd5 Qxd5 3. Nc3 Qd8 4. d4 c6 5. Nf3 Bf5 6. Bc4 e6 7. Ne5 Nd7 8. Qe2 Nxe5 9. dxe5 Bb4 10. h4 h5 11. Bg5 Qa5 12. Bd2 Bxc2 13. a3 Bg6 14.
O-O Bxc3 15. Bxc3 Qd8 16. Rad1 Qxh4 17. Rd4 Qg5 18. Bb4 Ne7 19. f4 Qg4 20. Qd2 Nd5 21. Bxd5 exd5 22. f5 Qg3 23. Rf3 Qxf3 24. gxf3 Bxf5 25.
Qg5 1-0

[Event "Late-Titled-Tuesday-Blitz-June-25-2024"]
[Site "Chess.com"]
[Date "2024.06.25"]
[Round "7"]
[White "SujanaLohani"]
[Black "Kildepiotr"]
[Result "0-1"]
[WhiteElo "2299"]
[BlackElo "2706"]
[TimeControl "180+1"]
[EndTime "15:12:56 PDT"]
[Termination "Kildepiotr won by resignation"]

1. e4 g6 2. d4 Bg7 3. Nc3 c6 4.
Nf3 d6 5. Be2 Nd7 6. Be3 e5 7.
a4 Ngf6 8. h3 O-O 9. O-O Qe7 10.
Re1 Nh5 11. Nd2 exd4 12. Bxh5 gxh5 13. Qxh5 dxe3 14. Rxe3 Nf6 15. Qh4 Nd5 16. Qxe7 Nxe7 17. Rg3 f5 18. Nc4 f4 19. Rd3 d5 20. exd5 Bf5 21.
d6 Bxd3 22. dxe7 Bxc4 23. exf8=Q+ Rxf8 24. Rd1 Bxc3 25. bxc3 Bd5 26. a5 a6 27. Kf1 Kg7 28.
Rd4 Kg6 29. c4 Be6 30. Rd6 Kf6 31. c5 Ke7 32. Ke2 Rf5 33. Kf3 Rxc5 0-1

[Event "Late-Titled-Tuesday-Blitz-June-25-2024"]
[Site "Chess.com"]
[Date "2024.06.25"]
[Round "7"]
[White "Sanan_Sjugirov"]
[Black "bubeliang"]
[Result "1-0"]
[WhiteElo "3003"]
[BlackElo "2786"]
[TimeControl "180+1"]
[EndTime "15:13:13 PDT"]
[Termination "Sanan_Sjugirov won by checkmate"]

1. e4 c6 2. d4 d5 3. e5 c5 4.
dxc5 e6 5. c3 Bxc5 6. Qg4 Ne7 7.
Nf3 Ng6 8. h4 Qc7 9. h5 Nxe5 10.
Qxg7 Nxf3+ 11. gxf3 Rf8 12. Nd2 Nc6 13. Nb3 Bd6 14.
Qxh7 Be5 15. Rg1 Bd7 16. Bh6 Rh8 17. Rg8+ Ke7 18. Bg5+ Kd6 19. Rxh8 Rxh8 20. Qxf7 Nd8 21. Qe7+ Kc6 22. Qc5# 1-0

[Event "Late-Titled-Tuesday-Blitz-June-25-2024"]
[Site "Chess.com"]
[Date "2024.06.25"]
[Round "7"]
[White "SpeedofLight0"]
[Black "Durarbayli"]
[Result "1-0"]
[WhiteElo "3153"]
[BlackElo "2959"]
[TimeControl "180+1"]
[EndTime "15:13:22 PDT"]
[Termination "SpeedofLight0 won by resignation"]

1. d4 d5 2. Nc3 Nf6 3. Bf4 c5 4. e3 cxd4 5. exd4 a6 6. Nf3 Nc6 7. Ne5 Bd7 8. g3 Qb6 9. Nxd7 Kxd7 10. Na4 Qa5+ 11. c3 e6 12. b4 Qd8 13. Bd3 b5 14. Nc5+ Bxc5 15. bxc5 b4 16. Rb1 Ra7 17. cxb4 Nxd4 18.
O-O Nc6 19. a4 Qa8 20. b5 axb5 21. axb5 Ne7 22. c6+ 1-0

[Event "Late-Titled-Tuesday-Blitz-June-25-2024"]
[Site "Chess.com"]
[Date "2024.06.25"]
[Round "7"]
[White "jcibarra"]
[Black "Frankie_Badacsonyi"]
[Result "1-0"]
[WhiteElo "2908"]
[BlackElo "2501"]
[TimeControl "180+1"]
[EndTime "15:13:23 PDT"]
[Termination "jcibarra won by resignation"]

1. d4 d5 2. Bf4 Nf6 3. e3 e6 4. Nd2 c5 5. c3 Nc6 6. Ngf3 Bd6 7. Bg3 O-O 8. Bb5 Qc7 9. dxc5 Bxg3 10. hxg3 e5 11.
Qa4 Bd7 12. Qh4 e4 13. Bxc6 Bxc6 14. Nd4 a5 15. Nf5 Bd7 16. Ne7+ 1-0

[Event "Late-Titled-Tuesday-Blitz-June-25-2024"]
[Site "Chess.com"]
[Date "2024.06.25"]
[Round "7"]
[White "LikeWater"]
[Black "medinapazmiguel1968"]
[Result "1-0"]
[WhiteElo "2690"]
[BlackElo "2460"]
[TimeControl "180+1"]
[EndTime "15:13:30 PDT"]
[Termination "LikeWater won by resignation"]

1. e4 c5 2. c3 Nf6 3. e5 Nd5 4. Nf3 Nc6 5. Bc4 Nb6 6. Bb3 d6 7. exd6 e6 8. d4 cxd4 9. cxd4 Bxd6 10. O-O O-O 11. Nc3 Nd5 12. h3 Nf6 13. Bg5 h6 14.
Be3 Na5 15. Bc2 Bd7 16. Qd3 Rc8 17. Ne5 Nc6 18. Ng4 g6 19. Nxh6+ Kg7 20. Nxf7 Kxf7 21.
Qxg6+ Ke7 22. Bg5 Nxd4 23. Qg7+ Ke8 24. Bg6+ 1-0

[Event "Late-Titled-Tuesday-Blitz-June-25-2024"]
[Site "Chess.com"]
[Date "2024.06.25"]
[Round "7"]
[White "giomar27"]
[Black "hoshiboshi"]
[Result "1-0"]
[WhiteElo "2436"]
[BlackElo "2240"]
[TimeControl "180+1"]
[EndTime "15:13:35 PDT"]
[Termination "giomar27 won by resignation"]

1. Nc3 Nf6 2. e4 d6 3. d4 g6 4. Nf3 Bg7 5. Bc4 c6 6. O-O b5 7.
Bb3 b4 8. Ne2 Nxe4 9. d5 c5 10.
Qd3 Nf6 11. Bg5 h6 12. Bh4 Bf5 13. Qd2 Nbd7 14. Rfe1 O-O 15. h3 Nb6 16. Ng3 c4 17. Nxf5 gxf5 18. Nd4 cxb3 19. Nxf5 Nbxd5 20. axb3 e6 21. Nxh6+ Kh7 22. Ng4 Qe7 23. Qg5 Bh6 24. Qxh6+ 1-0

[Event "Late-Titled-Tuesday-Blitz-June-25-2024"]
[Site "Chess.com"]
[Date "2024.06.25"]
[Round "7"]
[White "JulbeNn"]
[Black "VirtualCoach"]
[Result "1-0"]
[WhiteElo "2550"]
[BlackElo "2353"]
[TimeControl "180+1"]
[EndTime "15:13:43 PDT"]
[Termination "JulbeNn won by checkmate"]

1. e4 c5 2. Nc3 a6 3. a4 b6 4. f4 Bb7 5. Nf3 e6 6. Bc4 d5 7. exd5 exd5 8. Ba2 Nf6 9. O-O Be7 10. d4 O-O 11. Kh1 c4 12. Ne5 b5 13. Bb1 b4 14.
Ne2 Nc6 15. c3 a5 16. g4 Nxe5 17. fxe5 Nxg4 18. Ng3 Bc8 19. Bf5 Bxf5 20. Nxf5 h5 21. h3 g6 22. hxg4 gxf5 23. gxf5 Bg5 24. Qxh5 f6 25. Qg6+ Kh8 26. Kg2 Bxc1 27. Rh1+ Bh6 28. Rxh6# 1-0

[Event "Late-Titled-Tuesday-Blitz-June-25-2024"]
[Site "Chess.com"]
[Date "2024.06.25"]
[Round "7"]
[White "Sacbutt"]
[Black "arnoldpetra"]
[Result "1-0"]
[WhiteElo "2262"]
[BlackElo "2418"]
[TimeControl "180+1"]
[EndTime "15:13:57 PDT"]
[Termination "Sacbutt won on time"]

1. e4 d6 2. d4 c6 3. c4 g6 4. Nc3 Bg7 5. Nf3 Bg4 6. Be3 Bxf3 7. Qxf3 Qb6 8. O-O-O Qa5 9. Kb1 Nd7 10. h4 h5 11.
Bd3 Ngf6 12. Rhe1 Ng4 13. Bd2 Ne3 14. Bxe3 Qc7 15. Bg5 Nf6 16. e5 1-0

[Event "Late-Titled-Tuesday-Blitz-June-25-2024"]
[Site "Chess.com"]
[Date "2024.06.25"]
[Round "7"]
[White "Pachonpower"]
[Black "karinachess1"]
[Result "1/2-1/2"]
[WhiteElo "2477"]
[BlackElo "2688"]
[TimeControl "180+1"]
[EndTime "15:14:04 PDT"]
[Termination "Game drawn by agreement"]

1. d4 Nf6 2. Nf3 e6 3. Nbd2 d5 4. e3 Be7 5. Bd3 O-O 6. O-O b6 7. Qe2 a5 8. b3 Ba6 9. c4 c5 10. Bb2 Nc6 11. Ne5 Nb4 12. Bb1 dxc4 13. bxc4 cxd4 14.
exd4 Rc8 15. a3 Nc6 16. Nxc6 Rxc6 17. Rc1 Qc8 18. Bd3 Re8 19. Ne4 Nxe4 20. Qxe4 f5 21. Qe2 Bf6 22. Rc2 Rd6 23. c5 Bxd3 24. Qxd3 bxc5 25.
Rac1 Qd8 26. Rxc5 Bxd4 27. Bxd4 Rxd4 28. Qe2 Rd2 29. Qh5 g6 30. Qf3 Qd3 31. Qxd3 Rxd3 32. Rxa5 Red8 33. g3 Rd1+ 34. Rxd1 Rxd1+ 35. Kg2 1/2-1/2

[Event "Late-Titled-Tuesday-Blitz-June-25-2024"]
[Site "Chess.com"]
[Date "2024.06.25"]
[Round "7"]
[White "Dedic8"]
[Black "GothamChess"]
[Result "1-0"]
[WhiteElo "2944"]
[BlackElo "2758"]
[TimeControl "180+1"]
[EndTime "15:14:17 PDT"]
[Termination "Dedic8 won by resignation"]

1. d4 d5 2. c4 e6 3. Nc3 h6 4.
cxd5 exd5 5. Nf3 Nf6 6. Bf4 Bd6 7. Bxd6 Qxd6 8. e3 O-O 9. Bd3 Bg4 10. h3 Bxf3 11. Qxf3 c6 12. O-O Nbd7 13. Rab1 a5 14. a3 Rfe8 15. Rfc1 b5 16. a4 bxa4 17. Nxa4 Rab8 18.
Nc5 Nxc5 19. Rxc5 a4 20. Qd1 Nd7 21. Rc3 Rb4 22. Qc2 Nb8 23. Ra1 Nd7 24. Rxa4 Rxa4 25.
Qxa4 c5 26. dxc5 1-0

[Event "Late-Titled-Tuesday-Blitz-June-25-2024"]
[Site "Chess.com"]
[Date "2024.06.25"]
[Round "7"]
[White "HaryKane"]
[Black "CFalcons8"]
[Result "0-1"]
[WhiteElo "2591"]
[BlackElo "2450"]
[TimeControl "180+1"]
[EndTime "15:14:31 PDT"]
[Termination "CFalcons8 won by checkmate"]

1. e4 c5 2. Nf3 d6 3. d4 cxd4 4. Nxd4 Nf6 5. Nc3 a6 6. Bc4 e6 7. Bb3 Qc7 8. Be3 Be7 9. f3 O-O 10. Qd2 Nc6 11. g4 b5 12. g5 Nh5 13. Nce2 Ne5 14. Ng3 Nxg3 15. hxg3 Nc4 16. Bxc4 bxc4 17. O-O-O c3 18. bxc3 d5 19. Rxh7 Ba3+ 20. Kb1 Rb8+ 21.
Nb3 Rd8 22. Qh2 Kf8 23. Rxg7 Kxg7 24. Qh6+ Kg8 25. Rh1 Qxc3 26. Bd4 Qxd4 27. Qh7+ Kf8 28. Qh8+ Qxh8 29. Rxh8+ Ke7 30. Rh7 dxe4 31. g6 Rd1# 0-1

[Event "Late-Titled-Tuesday-Blitz-June-25-2024"]
[Site "Chess.com"]
[Date "2024.06.25"]
[Round "7"]
[White "jaramsdal"]
[Black "manitodeplomo"]
[Result "0-1"]
[WhiteElo "2431"]
[BlackElo "2598"]
[TimeControl "180+1"]
[EndTime "15:14:34 PDT"]
[Termination "manitodeplomo won by checkmate"]

1. e4 e6 2. d4 d5 3. Nc3 Bb4 4.
Ne2 Nc6 5. a3 Ba5 6. b4 Bb6 7. e5 f6 8. f4 Nh6 9. Be3 O-O 10. Qd2 Nf5 11. Bf2 fxe5 12. fxe5 Bd7 13. Na4 Bxd4 14. Bxd4 Nfxd4 15. Nxd4 Qh4+ 16. g3 Qe4+ 17.
Ne2 Qxh1 18. Nc5 Rxf1# 0-1

[Event "Late-Titled-Tuesday-Blitz-June-25-2024"]
[Site "Chess.com"]
[Date "2024.06.25"]
[Round "7"]
[White "s-dshubin"]
[Black "Piriflillo"]
[Result "0-1"]
[WhiteElo "2326"]
[BlackElo "2529"]
[TimeControl "180+1"]
[EndTime "15:14:35 PDT"]
[Termination "Piriflillo won by resignation"]

1. e4 d5 2. exd5 Qxd5 3. Nc3 Qa5 4. d4 Nf6 5. Bd2 c6 6. Bc4 Bg4 7. f3 Bd7 8. Nge2 e6 9. Ne4 Qd8 10. O-O Be7 11. N2g3 Bc8 12. c3 Nbd7 13. Bf4 O-O 14.
Bb3 Nd5 15. Bd6 Bxd6 16. Nxd6 Ne3 17. Qd3 Nxf1 18. Rxf1 Nf6 19. Nge4 Nxe4 20. Nxe4 e5 21. Bc2 Bf5 22. dxe5 Qxd3 23. Bxd3 Rfd8 24. Bc2 Bxe4 25. Bxe4 Rd2 26. Rf2 Rad8 27. b4 Rxf2 28. Kxf2 Rd2+ 29. Ke3 Rxg2 30. a4 Rxh2 31. b5 cxb5 32. axb5 b6 33.
Kd4 Rd2+ 34. Ke3 Rd8 35. c4 Kf8 36. f4 Ke7 37. f5 f6 38. e6 g6 39. Bd5 gxf5 40.
Kf4 Rg8 41. Kxf5 Rg5+ 42. Kf4 Re5 43. Kg4 Rxe6 44. Bxe6 Kxe6 0-1

[Event "Late-Titled-Tuesday-Blitz-June-25-2024"]
[Site "Chess.com"]
[Date "2024.06.25"]
[Round "7"]
[White "prxcess_brownie"]
[Black "DryCounty"]
[Result "0-1"]
[WhiteElo "2241"]
[BlackElo "2632"]
[TimeControl "180+1"]
[EndTime "15:14:35 PDT"]
[Termination "DryCounty won by resignation"]

1. c4 Nf6 2. Nc3 g6 3. e4 d6 4. d4 Bg7 5. Be2 O-O 6. Nf3 e5 7. O-O Bg4 8. d5 a5 9. h3 Bxf3 10. Bxf3 Na6 11. Be3 Nc5 12. a3 a4 13. Bxc5 dxc5 14.
Nxa4 b6 15. Nc3 Ne8 16. Qc2 Nd6 17. Be2 f5 18. Bd3 Qg5 19. exf5 gxf5 20. b4 e4 21. Be2 cxb4 22. axb4 Rxa1 23. Rxa1 f4 24. Bf1 f3 25. g3 e3 26. Ra3 e2 27. Nxe2 fxe2 28. Bxe2 Bd4 29.
Rf3 Rxf3 30. Bxf3 Qxg3+ 31. Bg2 Qe5 32. c5 bxc5 33. bxc5 Nf5 34. d6 cxd6 35. c6 Qe1+ 36. Bf1 Ng3 37. Qc4+ Kf8 38. Qxd4 Ne2+ 39. Kg2 Nxd4 40. c7 Qc3 0-1

[Event "Late-Titled-Tuesday-Blitz-June-25-2024"]
[Site "Chess.com"]
[Date "2024.06.25"]
[Round "7"]
[White "Fandorine"]
[Black "FairChess_on_YouTube"]
[Result "1/2-1/2"]
[WhiteElo "2923"]
[BlackElo "3085"]
[TimeControl "180+1"]
[EndTime "15:14:38 PDT"]
[Termination "Game drawn by repetition"]

1. d4 f5 2. Bg5 c6 3. Nd2 d5 4. e3 Nd7 5. Ngf3 Ngf6 6. c4 e6 7. Bd3 h6 8. Bf4 g5 9. Bg3 Ne4 10. Ne5 Nxg3 11. hxg3 Nxe5 12. dxe5 Qe7 13. cxd5 exd5 14. f4 Be6 15. Qc2 Qc5 16. Bxf5 Qxe3+ 17. Kd1 Bxf5 18. Qxf5 Bb4 19. Nf3 g4 20. Qxg4 Qd3+ 21.
Kc1 Qc4+ 22. Kb1 Qe4+ 23. Kc1 Qe3+ 24. Kb1 Qd3+ 25. Kc1 Qc4+ 26. Kb1 Qe4+ 27. Kc1 Qc4+ 1/2-1/2

[Event "Late-Titled-Tuesday-Blitz-June-25-2024"]
[Site "Chess.com"]
[Date "2024.06.25"]
[Round "7"]
[White "merinasian"]
[Black "Gzucaritas"]
[Result "1-0"]
[WhiteElo "2401"]
[BlackElo "2038"]
[TimeControl "180+1"]
[EndTime "15:14:38 PDT"]
[Termination "merinasian won by resignation"]

1. d4 Nf6 2. Nf3 g6 3. Bf4 Bg7 4. e3 O-O 5. h3 d5 6. Be2 Nbd7 7. O-O c5 8. c3 b6 9. Nbd2 Bb7 10. a4 a5 11. Qb1 Ne4 12. Nxe4 dxe4 13. Nd2 e5 14. dxe5 Nxe5 15. Nxe4 Qd5 16. f3 f5 17. Rd1 Qc6 18.
Nd6 h6 19. Qa2+ Kh7 20. Bb5 Qc7 21. Nxb7 Qxb7 22. Bxe5 Bxe5 23. Rd7+ Qxd7 24. Bxd7 Rad8 25. Rd1 Bg7 26. Qb3 Rf6 27. Rd5 Rf7 28. Qd1 Re7 29. Qd3 Rf8 30. Bb5 h5 31. Rd7 Re6 32. Qd5 Rff6 33.
Qb7 1-0

[Event "Late-Titled-Tuesday-Blitz-June-25-2024"]
[Site "Chess.com"]
[Date "2024.06.25"]
[Round "7"]
[White "OppieZippy"]
[Black "Kielinkei"]
[Result "1-0"]
[WhiteElo "2366"]
[BlackElo "2494"]
[TimeControl "180+1"]
[EndTime "15:14:45 PDT"]
[Termination "OppieZippy won by resignation"]

1. e4 c5 2. Nc3 e6 3. Nf3 d5 4. exd5 exd5 5. d4 Nf6 6. Bb5+ Bd7 7. Bxd7+ Qxd7 8. O-O Be7 9. dxc5 O-O 10. Bg5 Nc6 11. Bxf6 Bxf6 12. Qxd5 Rad8 13. Qc4 Rfe8 14. Rad1 Qc8 15. b4 Qf5 16. Nd5 g6 17. a3 Bg7 18.
h3 Ne5 19. Nxe5 Qxe5 20. Ne3 h5 21. Rfe1 Bh6 22. Rd3 Rxd3 23. Qxd3 Re7 24. c3 h4 25.
Nc2 Qc7 26. Ne3 Bf4 27. Re2 Qe5 28. Qd4 Qc7 29. Kf1 Rd7 30. Nd5 Qd8 31. Nf6+ Kf8 32.
Nxd7+ Kg8 33. Nf6+ 1-0

[Event "Late-Titled-Tuesday-Blitz-June-25-2024"]
[Site "Chess.com"]
[Date "2024.06.25"]
[Round "7"]
[White "JackRodgers"]
[Black "MuhittinBuker"]
[Result "1-0"]
[WhiteElo "2521"]
[BlackElo "2253"]
[TimeControl "180+1"]
[EndTime "15:14:51 PDT"]
[Termination "JackRodgers won by resignation"]

1. d4 Nf6 2. Bg5 Ne4 3. h4 Nxg5 4. hxg5 g6 5. e3 Bg7 6. Nf3 c5 7. c3 Nc6 8. Nbd2 d5 9. dxc5 e5 10. e4 d4 11. Nc4 Be6 12. Nd6+ Kf8 13. cxd4 exd4 14.
Bd3 Qa5+ 15. Qd2 Qxc5 16. Nxb7 Qe7 17. Na5 Nxa5 18. Qxa5 Bg4 19. Nd2 h6 20. f3 Be6 21.
gxh6 Rxh6 22. Rxh6 Bxh6 23. Qa3 Qxa3 24. bxa3 Rb8 25. Rb1 Rxb1+ 26. Bxb1 Ke7 27. Nb3 Be3 28. Ke2 Bc4+ 29. Bd3 Be6 30. Bb5 Bg1 31. Kd3 Bxb3 32. axb3 g5 33. b4 Kd6 34. a4 Ke5 35. Be8 f6 36. a5 Bf2 37. b5 Be1 38. b6 axb6 39. a6 1-0